HSSL
OCEANSIDE HS PIRATES @ FRESNO HS RED WINGS
05/11/2024
 
TOP OF THE 1ST
Oceanside HS Pirates batting - Pitching for Fresno HS Red Wings : RHP Michael Collins
Pitching: RHP Michael Collins
Batting: RHB Juan Reyes 0-0: Called Strike
0-1: Foul Ball, location: 2F
0-2: Ball
1-2: Strikes out swinging
Batting: SHB Ryan Holcomb 0-0: Called Strike
0-1: Ball
1-1: Called Strike
1-2: Foul Ball, location: 2F
1-2: Ball
2-2: SINGLE (Flyball, 7LS)
Batting: LHB Chris Goodwin 0-0: Foul Ball, location: 2F
0-1: Hit by Pitch
Ryan Holcomb to second
Batting: LHB Jon Quinn 0-0: Called Strike
0-1: Foul Ball, location: 2F
0-2: Ball
1-2: Fly out, F9 (Flyball, 9LM)
Batting: RHB Jeffery Evans 0-0: Ball
1-0: Foul Ball, location: 2F
1-1: Ground out 6-3 (Groundball, 6)
Top of the 1st over - 0 run(s), 1 hit(s), 0 error(s), 2 left on base; Oceanside HS 0 - Fresno HS 0
BOTTOM OF THE 1ST
Fresno HS Red Wings batting - Pitching for Oceanside HS Pirates : RHP David Berry
Pitching: RHP David Berry
Batting: RHB Johnny Carson 0-0: Ball
1-0: Ball
2-0: Called Strike
2-1: Ball
3-1: Base on Balls
Batting: RHB Jack Hogan 0-0: Swinging Strike
0-1: Swinging Strike
0-2: Foul Ball, location: 2F
0-2: Strikes out looking
Batting: RHB Jeffrey Barker 0-0: Ball
1-0: Called Strike
1-1: Swinging Strike
1-2: Fly out, F4 (Popup, 34D)
Batting: LHB Jack Mitchell 0-0: Foul Ball, location: 2F
0-1: Ball
1-1: Foul Ball, location: 2F
1-2: Ball
2-2: Foul Ball, location: 2F
2-2: SINGLE (Flyball, 78M)
Johnny Carson to second
Batting: RHB Ward Dempsey 0-0: Ball
1-0: Fly out, F9 (Flyball, 9M)
Bottom of the 1st over - 0 run(s), 1 hit(s), 0 error(s), 2 left on base; Oceanside HS 0 - Fresno HS 0
TOP OF THE 2ND
Oceanside HS Pirates batting - Pitching for Fresno HS Red Wings : RHP Michael Collins
Batting: RHB Pete Woods 0-0: Ball
1-0: Ball
2-0: SINGLE (Line Drive, 56D)
Batting: LHB Preston Spencer 0-0: 2-RUN HOME RUN (Flyball, 9D), Distance : 345 ft
Batting: RHB Joe Rogers 0-0: Ball
1-0: SINGLE (Groundball, 5D)
Batting: LHB Greg Sharpe 0-0: Called Strike
0-1: Ball
1-1: Called Strike
1-2: Strikes out looking
Batting: RHB Juan Reyes 0-0: Fly out, F7 (Line Drive, 7M)
Batting: SHB Ryan Holcomb 0-0: Ball
1-0: Ball
2-0: Fly out, F9 (Flyball, 89M)
Top of the 2nd over - 2 run(s), 3 hit(s), 0 error(s), 1 left on base; Oceanside HS 2 - Fresno HS 0
BOTTOM OF THE 2ND
Fresno HS Red Wings batting - Pitching for Oceanside HS Pirates : RHP David Berry
Batting: RHB Matt Snow 0-0: Called Strike
0-1: Ball
1-1: Swinging Strike
1-2: Strikes out swinging
Batting: RHB Bobby Burks 0-0: Ball
1-0: Ball
2-0: Ball
3-0: Base on Balls
Batting: RHB Joel García 0-0: Ball
1-0: Ball
2-0: Foul Ball, location: 2F
2-1: Ball
3-1: Base on Balls
Bobby Burks to second
Batting: RHB Cristo Avalos 0-0: Grounds into double play, 1-4-3 (Groundball, 13)
Bottom of the 2nd over - 0 run(s), 0 hit(s), 0 error(s), 1 left on base; Oceanside HS 2 - Fresno HS 0
TOP OF THE 3RD
Oceanside HS Pirates batting - Pitching for Fresno HS Red Wings : RHP Michael Collins
Batting: LHB Chris Goodwin 0-0: Ball
1-0: Foul Ball, location: 2F
1-1: Called Strike
1-2: Ground out 4-3 (Groundball, 4M)
Batting: LHB Jon Quinn 0-0: Ball
1-0: Ball
2-0: Called Strike
2-1: Swinging Strike
2-2: Ball
3-2: Foul Ball, location: 2F
3-2: Foul Ball, location: 2F
3-2: Foul Ball, location: 2F
3-2: SINGLE (Groundball, 34D)
Batting: RHB Jeffery Evans 0-0: Called Strike
0-1: Ball
1-1: Grounds into double play, 4-6-3 (Groundball, 4)
Top of the 3rd over - 0 run(s), 1 hit(s), 0 error(s), 0 left on base; Oceanside HS 2 - Fresno HS 0
BOTTOM OF THE 3RD
Fresno HS Red Wings batting - Pitching for Oceanside HS Pirates : RHP David Berry
Batting: RHB Johnny Carson 0-0: Called Strike
0-1: Ball
1-1: SINGLE (Groundball, 4M)
Batting: RHB Jack Hogan 0-0: Foul Ball, location: 2F
0-1: Ball
1-1: Ball
2-1: Ball
3-1: Called Strike
3-2: Fly out, F8 (Flyball, 8RM)
Batting: RHB Jeffrey Barker 0-0: Ball
Wild Pitch!
Johnny Carson to second
1-0: Ball
2-0: Foul Ball, location: 2F
2-1: Ball
3-1: Called Strike
3-2: Fly out, F8 (Flyball, 8RD)
Batting: LHB Jack Mitchell 0-0: DOUBLE (Line Drive, 5D)
Johnny Carson scores
Batting: RHB Ward Dempsey 0-0: Called Strike
0-1: Ball
1-1: Fly out, F4 (Popup, 89S)
Bottom of the 3rd over - 1 run(s), 2 hit(s), 0 error(s), 1 left on base; Oceanside HS 2 - Fresno HS 1
TOP OF THE 4TH
Oceanside HS Pirates batting - Pitching for Fresno HS Red Wings : RHP Michael Collins
Batting: RHB Pete Woods Single, Error in OF, E7, batter to second base
Batting: LHB Preston Spencer 0-0: Called Strike
0-1: Ball
1-1: Ball
2-1: Ball
3-1: Base on Balls
Batting: RHB Joe Rogers 0-0: Ball
1-0: Ball
2-0: Fly out, F8 (Flyball, 8LM)
Batting: LHB Greg Sharpe 0-0: Ball
1-0: Fly out, F7 (Flyball, 78M)
Batting: RHB Juan Reyes 0-0: Foul Ball, location: 2F
0-1: Foul Ball, location: 2F
0-2: Fly out, F4 (Popup, 34D)
Top of the 4th over - 0 run(s), 1 hit(s), 1 error(s), 2 left on base; Oceanside HS 2 - Fresno HS 1
BOTTOM OF THE 4TH
Fresno HS Red Wings batting - Pitching for Oceanside HS Pirates : RHP David Berry
Batting: RHB Matt Snow 0-0: Called Strike
0-1: Ground out 1-3 (Groundball, 23)
Batting: RHB Bobby Burks 0-0: Ball
1-0: Foul Ball, location: 2F
1-1: Called Strike
1-2: Foul Ball, location: 2F
1-2: Strikes out swinging
Batting: RHB Joel García 0-0: Ball
1-0: Called Strike
1-1: Ball
2-1: Ball
3-1: Called Strike
3-2: Fly out, F4 (Line Drive, 4)
Bottom of the 4th over - 0 run(s), 0 hit(s), 0 error(s), 0 left on base; Oceanside HS 2 - Fresno HS 1
TOP OF THE 5TH
Oceanside HS Pirates batting - Pitching for Fresno HS Red Wings : RHP Michael Collins
Batting: SHB Ryan Holcomb 0-0: Ball
1-0: Foul Ball, location: 2F
1-1: Called Strike
1-2: Ball
2-2: Foul Ball, location: 2F
2-2: Ball
3-2: Base on Balls
Batting: LHB Chris Goodwin 0-0: Swinging Strike
0-1: Fly out, F4 (Line Drive, 4)
Batting: LHB Jon Quinn 0-0: Ball
1-0: Ball
2-0: Ball
3-0: Called Strike
3-1: Base on Balls
Ryan Holcomb to second
Batting: RHB Jeffery Evans 0-0: Ball
1-0: Called Strike
1-1: Ball
2-1: Ball
3-1: Base on Balls
Ryan Holcomb to third
Jon Quinn to second
Pitching: RHP Freddie Robinson
Batting: RHB Pete Woods 0-0: Ground out 6-3 (Groundball, 6MS)
Ryan Holcomb scores
Jon Quinn to third
Jeffery Evans to second
Batting: LHB Preston Spencer 0-0: Called Strike
0-1: Ball
1-1: Swinging Strike
1-2: Ball
2-2: Foul Ball, location: 2F
2-2: SINGLE (Line Drive, 34)
Jon Quinn scores
Jeffery Evans to third
Runner from 3rd tries for Home, SAFE, no throw or cutoff
Batting: RHB Joe Rogers 0-0: Foul Ball, location: 2F
0-1: Foul Ball, location: 2F
0-2: Ball
1-2: Ball
2-2: Ball
3-2: Ground out 1-3 (Groundball, 15S)
Top of the 5th over - 3 run(s), 1 hit(s), 0 error(s), 1 left on base; Oceanside HS 5 - Fresno HS 1
BOTTOM OF THE 5TH
Fresno HS Red Wings batting - Pitching for Oceanside HS Pirates : RHP David Berry
Batting: RHB Cristo Avalos 0-0: Ball
1-0: Ball
2-0: Ball
3-0: Called Strike
3-1: Foul Ball, location: 2F
3-2: Base on Balls
Batting: RHB Johnny Carson 0-0: Foul Ball, location: 2F
0-1: Foul Ball, location: 2F
0-2: Ball
1-2: Strikes out swinging
Batting: RHB Jack Hogan 0-0: Fly out, F8 (Flyball, 8RS)
Batting: RHB Jeffrey Barker 0-0: Foul Ball, location: 2F
0-1: Called Strike
0-2: Strikes out swinging
Bottom of the 5th over - 0 run(s), 0 hit(s), 0 error(s), 1 left on base; Oceanside HS 5 - Fresno HS 1
TOP OF THE 6TH
Oceanside HS Pirates batting - Pitching for Fresno HS Red Wings : RHP Freddie Robinson
Batting: LHB Greg Sharpe 0-0: Swinging Strike
0-1: Ball
1-1: Called Strike
1-2: Foul Ball, location: 2F
1-2: DOUBLE (Flyball, 78M)
Batting: RHB Juan Reyes 0-0: Ball
1-0: Ball
2-0: Ball
3-0: Called Strike
3-1: Swinging Strike
3-2: Foul Ball, location: 2F
3-2: Base on Balls
Batting: SHB Ryan Holcomb 0-0: Ball
1-0: Ball
2-0: SINGLE (Line Drive, 89M)
Greg Sharpe to third
Juan Reyes to second
Pitching: RHP Qi-chen Mi
Batting: LHB Chris Goodwin 0-0: Called Strike
0-1: Ball
1-1: Swinging Strike
1-2: Ball
2-2: Strikes out looking
Batting: LHB Jon Quinn 0-0: Called Strike
0-1: Foul Ball, location: 2F
0-2: Ball
1-2: Ball
2-2: Foul Ball, location: 2F
2-2: Foul Ball, location: 2F
2-2: Strikes out swinging
Batting: RHB Jeffery Evans 0-0: Ground out 6-3 (Groundball, 6)
Top of the 6th over - 0 run(s), 2 hit(s), 0 error(s), 3 left on base; Oceanside HS 5 - Fresno HS 1
BOTTOM OF THE 6TH
Fresno HS Red Wings batting - Pitching for Oceanside HS Pirates : RHP David Berry
Pitching: RHP Everett Stewart
Batting: LHB Jack Mitchell 0-0: Called Strike
0-1: Foul Ball, location: 2F
0-2: Foul Ball, location: 2F
0-2: Ball
1-2: Ball
2-2: Strikes out swinging
Batting: RHB Ward Dempsey 0-0: Ball
1-0: Called Strike
1-1: Ball
2-1: Ball
3-1: Base on Balls
Batting: RHB Matt Snow 0-0: Ball
1-0: Foul Ball, location: 2F
1-1: Foul Ball, location: 2F
1-2: Ball
2-2: SINGLE (Groundball, 25) (infield hit)
Ward Dempsey to second
Batting: RHB Bobby Burks 0-0: Ball
Wild Pitch!
Ward Dempsey to third
Matt Snow to second
1-0: Ball
2-0: Called Strike
2-1: Ball
3-1: Swinging Strike
3-2: Base on Balls
Batting: RHB Joel García 0-0: Ball
1-0: Grounds into double play, U6-3 (Groundball, 6M)
Bottom of the 6th over - 0 run(s), 1 hit(s), 0 error(s), 2 left on base; Oceanside HS 5 - Fresno HS 1
TOP OF THE 7TH
Oceanside HS Pirates batting - Pitching for Fresno HS Red Wings : RHP Qi-chen Mi
Batting: RHB Pete Woods 0-0: Ball
1-0: Fly out, F8 (Flyball, 8RM)
Batting: LHB Preston Spencer 0-0: Ball
1-0: Ball
2-0: Called Strike
2-1: Foul Ball, location: 2F
2-2: Ground out U3 (Groundball, 3)
Batting: RHB Joe Rogers 0-0: Called Strike
0-1: Called Strike
0-2: Ball
1-2: Ball
2-2: Foul Ball, location: 2F
2-2: Strikes out swinging
Top of the 7th over - 0 run(s), 0 hit(s), 0 error(s), 0 left on base; Oceanside HS 5 - Fresno HS 1
BOTTOM OF THE 7TH
Fresno HS Red Wings batting - Pitching for Oceanside HS Pirates : RHP Everett Stewart
Batting: RHB Cristo Avalos 0-0: Ball
1-0: Ball
2-0: Foul Ball, location: 2F
2-1: Ball
3-1: Base on Balls
Batting: RHB Johnny Carson 0-0: Ball
1-0: Called Strike
1-1: Ball
2-1: 2-RUN HOME RUN (Flyball, 7D), Distance : 345 ft
Batting: RHB Jack Hogan 0-0: Ball
1-0: Swinging Strike
1-1: Ball
2-1: SINGLE (Line Drive, 8RS)
Batting: RHB Jeffrey Barker 0-0: Called Strike
0-1: Swinging Strike
0-2: Ball
1-2: Ball
2-2: Ball
3-2: Base on Balls
Jack Hogan to second
Batting: LHB Jack Mitchell 0-0: Called Strike
Single, Error in OF, E8, batter to second base
Jack Hogan scores
Jeffrey Barker to third
Batting: RHB Ward Dempsey 0-0: Foul Ball, location: 2F
0-1: Ball
1-1: Called Strike
1-2: Ball
2-2: Ball
3-2: SINGLE (Flyball, 6MD)
Jeffrey Barker scores
Jack Mitchell to third
Pitching: RHP Manuel Robles
Batting: RHB Matt Snow 0-0: Called Strike
0-1: Swinging Strike
0-2: Ball
1-2: Ground out 5-3 (Groundball, 15S)
Ward Dempsey to second
Batting: RHB Bobby Burks 0-0: Foul Ball, location: 2F
0-1: Ball
1-1: Foul Ball, location: 2F
1-2: Strikes out swinging
Batting: RHB Joel García 0-0: Ball
1-0: Called Strike
1-1: Fly out, F7 (Line Drive, 78D)
Bottom of the 7th over - 4 run(s), 4 hit(s), 1 error(s), 2 left on base; Oceanside HS 5 - Fresno HS 5
TOP OF THE 8TH
Oceanside HS Pirates batting - Pitching for Fresno HS Red Wings : RHP Qi-chen Mi
Pitching: RHP Greg Cooper
Pinch Hitting: RHB Bill Davis 0-0: Ball
1-0: Ball
2-0: Ball
3-0: Called Strike
3-1: Foul Ball, location: 2F
3-2: Strikes out looking
Batting: RHB Juan Reyes 0-0: Ball
1-0: SOLO HOME RUN (Flyball, 78XD), Distance : 363 ft
Batting: SHB Ryan Holcomb 0-0: Called Strike
0-1: Foul Ball, location: 2F
0-2: Ball
1-2: Ball
2-2: Strikes out swinging
Batting: LHB Chris Goodwin 0-0: Ball
1-0: Ball
2-0: Ball
3-0: Base on Balls
Batting: LHB Jon Quinn 0-0: Called Strike
0-1: Ball
1-1: Foul Ball, location: 2F
1-2: 2-RUN HOME RUN (Flyball, 9D), Distance : 356 ft
Pitching: LHP Israel Martínez
Batting: RHB Jeffery Evans 0-0: Foul Ball, location: 2F
0-1: Called Strike
0-2: Ball
1-2: Foul Ball, location: 2F
1-2: Hit by Pitch
Batting: RHB Pete Woods 0-0: Foul Ball, location: 2F
0-1: Swinging Strike
0-2: Foul Ball, location: 2F
0-2: Ball
1-2: Strikes out swinging
Top of the 8th over - 3 run(s), 2 hit(s), 0 error(s), 1 left on base; Oceanside HS 8 - Fresno HS 5
BOTTOM OF THE 8TH
Fresno HS Red Wings batting - Pitching for Oceanside HS Pirates : RHP Manuel Robles
Now in LF: Miguel Maldonado
Batting: RHB Cristo Avalos 0-0: Ball
1-0: Foul Ball, location: 2F
1-1: Ball
2-1: Ball
3-1: Called Strike
3-2: Ground out 4-3 (Groundball, 4MS)
Batting: RHB Johnny Carson 0-0: Swinging Strike
0-1: Ball
1-1: Swinging Strike
1-2: Strikes out swinging
Batting: RHB Jack Hogan 0-0: Called Strike
0-1: Ball
1-1: Ball
2-1: Foul Ball, location: 2F
2-2: Foul Ball, location: 2F
2-2: Ground out 4-3 (Groundball, 34)
Bottom of the 8th over - 0 run(s), 0 hit(s), 0 error(s), 0 left on base; Oceanside HS 8 - Fresno HS 5
TOP OF THE 9TH
Oceanside HS Pirates batting - Pitching for Fresno HS Red Wings : LHP Israel Martínez
Pitching: RHP Sandy Lund
Batting: LHB Preston Spencer 0-0: Swinging Strike
0-1: Ball
1-1: SOLO HOME RUN (Line Drive, 89XD), Distance : 376 ft
Batting: RHB Joe Rogers 0-0: Called Strike
0-1: Ground out 6-3 (Groundball, 6)
Batting: LHB Miguel Maldonado 0-0: Called Strike
0-1: Ball
1-1: Ball
2-1: Ball
3-1: Ground out 4-3 (Groundball, 4M)
Batting: RHB Juan Reyes 0-0: Ball
1-0: Foul Ball, location: 2F
1-1: Ball
2-1: Ball
3-1: Foul Ball, location: 2F
3-2: Foul Ball, location: 2F
3-2: Foul Ball, location: 2F
3-2: Base on Balls
Batting: SHB Ryan Holcomb 0-0: Ball
1-0: Swinging Strike
1-1: Ball
2-1: Ball
3-1: Called Strike
3-2: Foul Ball, location: 2F
3-2: Base on Balls
Juan Reyes to second
Batting: LHB Chris Goodwin 0-0: Called Strike
0-1: Called Strike
0-2: SINGLE (Groundball, 4M)
Juan Reyes to third
Ryan Holcomb to second
Throwing error, E8
Juan Reyes scores
Ryan Holcomb to third
Chris Goodwin to second
Batting: LHB Jon Quinn 0-0: Ball
1-0: Foul Ball, location: 2F
1-1: Foul Ball, location: 2F
1-2: Ball
2-2: SINGLE (Groundball, 34)
Ryan Holcomb scores
Chris Goodwin to third
Runner from 3rd tries for Home, SAFE, no throw or cutoff
Pitching: LHP Jason McDonald
Batting: RHB Jeffery Evans 0-0: Called Strike
0-1: Called Strike
0-2: Strikes out looking
Top of the 9th over - 4 run(s), 3 hit(s), 1 error(s), 1 left on base; Oceanside HS 12 - Fresno HS 5
BOTTOM OF THE 9TH
Fresno HS Red Wings batting - Pitching for Oceanside HS Pirates : RHP Manuel Robles
Pitching: RHP Adam Lawson
Now at SS: Glen Madden
Batting: RHB Jeffrey Barker 0-0: Ball
1-0: Ground out 1-3 (Groundball, 15S)
Batting: LHB Jack Mitchell 0-0: Ball
1-0: Ground out 5-3 (Groundball, 56)
Batting: RHB Ward Dempsey 0-0: Called Strike
0-1: Ball
1-1: Ball
2-1: Foul Ball, location: 2F
2-2: Foul Ball, location: 2F
2-2: Ball
3-2: Foul Ball, location: 2F
3-2: Base on Balls
Batting: RHB Matt Snow 0-0: Swinging Strike
0-1: Foul Ball, location: 2F
0-2: Foul Ball, location: 2F
0-2: Foul Ball, location: 2F
0-2: Ball
1-2: Ball
2-2: Ball
3-2: Ground out 5-3 (Groundball, 56)
Bottom of the 9th over - 0 run(s), 0 hit(s), 0 error(s), 1 left on base; Oceanside HS 12 - Fresno HS 5
This league is powered by Out of the Park Baseball, the baseball management simulation game for PC, Mac and Linux
Saturday, April 9th, 2016 - OOTP Baseball 16.8 Build 38